[Event "XX Gran Hotel Bali-A 2023"]
[Site "Benidorm"]
[Date "2023.12.04"]
[Round "4.7"]
[White "Davtyan, David Arm."]
[Black "Stewart, Ashley"]
[Result "1-0"]
[ECO "B27"]
[WhiteElo "2362"]
[BlackElo "2063"]
[Annotator "RC"]
[PlyCount "96"]
[EventDate "2023.12.02"]
[EventType "swiss"]
[EventCountry "ESP"]
[SourceTitle "playchess.com"]
[Source "ChessBase"]
[SourceQuality "1"]
[TimeControl "5400+30"]

1. Nc3 c5 2. e4 g6 3. d4 cxd4 4. Qxd4 Nf6 5. Nf3 Nc6 6. Qa4 d6 7. e5 dxe5 8. Nxe5 Bg7 9. Nxc6 bxc6 10. Qxc6+ Bd7 11. Qa6 Qc7 12. Be2 O-O 13. Bf3 Rab8 14. O-O Ng4 15. Bxg4 Bxg4 16. Qa3 Rb7 17. Re1 Be6 18. Re4 Rd8 19. Bf4 Qb6 20. Rb1 Bf5 21. Re2 Bg4 22. Ree1 Bf5 23. Be3 Qb4 24. Qxb4 Rxb4 25. Red1 Rxd1+ 26. Nxd1 h5 27. b3 Bxc2 28. Rc1 Bxd1 29. Rxd1 a5 30. Rd8+ Kh7 31. Ra8 Rb5 32. Ra7 Bf6 33. Kf1 Kg7 34. Bd2 Rd5 35. Bxa5 Rd1+ 36. Ke2 Rb1 37. Bb6 Rb2+ 38. Kd3 h4 39. h3 e6 40. Bc5 g5 41. b4 Kg6 42. a4 Be5 43. a5 f5 44. Re7 Kf6 45. a6 g4 46. a7 Ra2 47. Re8 gxh3 48. gxh3 Ra3+ 1-0

[Event "XX Gran Hotel Bali-A 2023"]
[Site "Benidorm"]
[Date "2023.12.04"]
[Round "4.8"]
[White "Ereza Vizcarra, Fernando"]
[Black "Ingunza Curro, Andres"]
[Result "1-0"]
[ECO "A50"]
[WhiteElo "2116"]
[BlackElo "2328"]
[Annotator "RC"]
[PlyCount "69"]
[EventDate "2023.12.02"]
[EventType "swiss"]
[EventCountry "ESP"]
[SourceTitle "playchess.com"]
[Source "ChessBase"]
[SourceQuality "1"]
[TimeControl "5400+30"]

1. d4 Nf6 2. Nf3 b6 3. g3 Bb7 4. Bg2 g6 5. c4 Bg7 6. O-O O-O 7. Nc3 Ne4 8. Bd2 e6 9. Qc2 Nxd2 10. Qxd2 d6 11. d5 e5 12. e4 a5 13. Ne1 f5 14. exf5 gxf5 15. f4 Nd7 16. Nf3 Nc5 17. fxe5 dxe5 18. Rae1 Qe7 19. Nd4 Qd7 20. Nf3 e4 21. Nh4 Nd3 22. Re2 Ne5 23. Qg5 h6 24. Qh5 Rf6 25. Rxf5 Nxc4 26. Bxe4 Qd6 27. Rxf6 Qxf6 28. Rf2 Qg5 29. Qf7+ Kh8 30. Ng6+ Kh7 31. Nf4+ Kh8 32. Qxc7 Ba6 33. Ng6+ Kh7 34. Ne5+ Kh8 35. Nf7+ 1-0

[Event "XX Gran Hotel Bali-A 2023"]
[Site "Benidorm"]
[Date "2023.12.04"]
[Round "4.9"]
[White "Garcia Ramos, Marcos"]
[Black "Moreno Estebanez, Patxi"]
[Result "0-1"]
[ECO "A24"]
[WhiteElo "2102"]
[BlackElo "2278"]
[Annotator "RC"]
[PlyCount "66"]
[EventDate "2023.12.02"]
[EventType "swiss"]
[EventCountry "ESP"]
[SourceTitle "playchess.com"]
[Source "ChessBase"]
[SourceQuality "1"]
[TimeControl "5400+30"]

1. c4 d6 2. Nc3 e5 3. g3 Nf6 4. Bg2 g6 5. e4 Bg7 6. Nge2 O-O 7. O-O c6 8. d3 a6 9. a4 a5 10. h3 Na6 11. f4 Nd7 12. f5 Nb4 13. g4 Nc5 14. Rf3 Bf6 15. Bh6 Re8 16. Na2 Bg5 17. Bxg5 Qxg5 18. b3 b6 19. Nxb4 axb4 20. Ng3 Bb7 21. d4 Nd7 22. d5 cxd5 23. cxd5 Rec8 24. Qe1 Rc3 25. Rxc3 bxc3 26. Bf1 Rc8 27. Bc4 Nf6 28. Kh2 Qf4 29. Ra2 Ba6 30. Rf2 Bxc4 31. bxc4 Qh6 32. Kg2 Rxc4 33. Qf1 c2 0-1

[Event "XX Gran Hotel Bali-A 2023"]
[Site "Benidorm"]
[Date "2023.12.04"]
[Round "4.10"]
[White "Munoz Avila, Jose Luis"]
[Black "Ishvi Aggarwal"]
[Result "1-0"]
[ECO "C44"]
[WhiteElo "2238"]
[BlackElo "1765"]
[Annotator "RC"]
[PlyCount "77"]
[EventDate "2023.12.02"]
[EventType "swiss"]
[EventCountry "ESP"]
[SourceTitle "playchess.com"]
[Source "ChessBase"]
[SourceQuality "1"]
[TimeControl "5400+30"]

1. e4 e5 2. Nf3 Nc6 3. d3 Nf6 4. Be2 Bc5 5. O-O d6 6. c3 Bb6 7. Nbd2 O-O 8. a4 d5 9. b4 d4 10. b5 dxc3 11. bxc6 cxd2 12. Bxd2 Bd4 13. Nxd4 Qxd4 14. cxb7 Bxb7 15. Rc1 Ba6 16. Be3 Qd7 17. Qc2 Rfd8 18. Rfd1 h6 19. f3 Ne8 20. Qc3 Qe6 21. Qa5 Rd7 22. Rc3 Rad8 23. Bf1 Bc8 24. Qxa7 Rd6 25. Qc5 Bb7 26. Qb4 Bc6 27. a5 Ra8 28. Rc5 Rdd8 29. Qc3 Bd7 30. Rxe5 Qg6 31. d4 Rdb8 32. Rc5 Ra7 33. d5 Rba8 34. Ra1 h5 35. Bf2 Qg5 36. d6 Qd8 37. Rxh5 Nxd6 38. Bxa7 Rxa7 39. Qd4 1-0

[Event "XX Gran Hotel Bali-A 2023"]
[Site "Benidorm"]
[Date "2023.12.04"]
[Round "4.11"]
[White "Robledo Sanchez, Carlos"]
[Black "Vignesh B"]
[Result "0-1"]
[ECO "A27"]
[WhiteElo "2117"]
[BlackElo "2140"]
[Annotator "NA RC"]
[PlyCount "54"]
[EventDate "2023.12.02"]
[EventType "swiss"]
[EventCountry "ESP"]
[SourceTitle "playchess.com"]
[Source "ChessBase"]
[SourceQuality "1"]
[TimeControl "5400+30"]

1. c4 g6 2. Nc3 Bg7 3. g3 e5 4. Bg2 Ne7 5. Nf3 O-O 6. d4 exd4 7. Nxd4 Nbc6 8. Nxc6 bxc6 9. O-O Rb8 10. Qc2 Nf5 11. Rd1 Re8 12. e3 Qf6 13. Bd2 h5 14. Rab1 Qe7 15. Ne4 d5 16. cxd5 cxd5 17. Nc5 c6 18. Nb3 Bd7 19. Rbc1 h4 20. Re1 Nd6 21. Bc3 Bxc3 22. Qxc3 h3 23. Bf3 Ne4 24. Qc2 Qf6 25. Qe2 Ng5 26. Bh1 Rb4 27. Nc5 Bg4 0-1

[Event "XX Gran Hotel Bali-A 2023"]
[Site "Benidorm"]
[Date "2023.12.04"]
[Round "5.1"]
[White "Grigoryan, Karen H."]
[Black "Korneev Leskova, Svyatoslav"]
[Result "1-0"]
[ECO "C18"]
[WhiteElo "2646"]
[BlackElo "2252"]
[Annotator "TA"]
[PlyCount "89"]
[EventDate "2023.12.02"]
[EventType "swiss"]
[EventCountry "ESP"]
[SourceTitle "playchess.com"]
[Source "ChessBase"]
[SourceQuality "1"]
[TimeControl "5400+30"]

1. e4 e6 2. d4 d5 3. Nc3 Bb4 4. e5 c5 5. a3 Bxc3+ 6. bxc3 Qa5 7. Bd2 Qa4 8. Qg4 g6 9. Qd1 Nc6 {[%emt 0:03:41] seems to push 9...b6 aside. C18: French: 3 Nc3 Bb4: Main line: 7 h4 and 7 Qg4.} 10. Nf3 c4 11. h4 h6 {[%emt 0:00:21] White is slightly better.} 12. g3 Bd7 13. Bg2 O-O-O 14. O-O {[%emt 0:00:19] [#]} Rh7 $146 ({Predecessor:} 14... f5 15. exf6 Nxf6 16. Qc1 Ne4 17. Re1 Qa5 18. a4 Rh7 19. Ra3 Rdh8 20. Bf4 Qd8 {0-1 Di Berardino,D (2342)-Rodriguez Vila,A (2502) Vitoria Espirito Sancto 1st 2006 (8)}) 15. Re1 Nge7 16. Nh2 Rdh8 17. Ng4 Ng8 18. Ra2 {[%emt 0:01:12] Black is weak on the dark squares} Kb8 19. Bf4 Ka8 20. Qd2 Nce7 21. Rb1 Bc6 22. Rb4 {[%emt 0:01:23] White is more active.} Qa5 23. a4 g5 24. hxg5 h5 25. Nf6 Nxf6 26. exf6 (26. gxf6 {simplifies} Ng6 27. Bh3 Nxf4 28. gxf4 Rh6 29. Kh2) 26... Ng6 27. Kh2 $36 {[%emt 0:07:05][%mdl 2048] Keeping Black busy.} h4 {[%emt 0:02:01][%cal Oe6e5] [#] aiming for ...e5!} 28. g4 $1 h3 29. Bh1 Qd8 30. Bg3 Rh4 31. Qe2 R4h7 32. a5 Qd7 33. a6 {[%emt 0:02:43] And now axb7+ would win.} b6 34. f4 Nh4 35. Bxh4 (35. Kxh3 $2 {perishes.} Nf5+ 36. Kg2 Nxg3 37. Kxg3 Rxh1 $19) 35... Rxh4 36. Bf3 b5 $2 (36... Qc7) 37. Qe5 $18 Re8 38. Rb1 Rhh8 39. Re1 Reg8 40. Raa1 Qd8 41. Rh1 Qd7 42. Kg3 b4 43. cxb4 Ba4 {[%emt 0:01:35] [#]} 44. Rxa4 $1 Qxa4 {[%emt 0:00:06] [#]} (44... Rd8 45. Raa1) 45. Bxd5+ $1 {[%emt 0:00:06][%mdl 512] Excellently played by Grigoryan!   Weighted Error Value: White=0.07 (flawless) /Black=0.45} 1-0

[Event "XX Gran Hotel Bali-A 2023"]
[Site "Benidorm"]
[Date "2023.12.04"]
[Round "5.2"]
[White "Moreno Estebanez, Patxi"]
[Black "Zanan, Evgeny"]
[Result "0-1"]
[ECO "C55"]
[WhiteElo "2278"]
[BlackElo "2486"]
[Annotator "RC"]
[PlyCount "118"]
[EventDate "2023.12.02"]
[EventType "swiss"]
[EventCountry "ESP"]
[SourceTitle "playchess.com"]
[Source "ChessBase"]
[SourceQuality "1"]
[TimeControl "5400+30"]

1. e4 e5 2. Nf3 Nc6 3. Bc4 Nf6 4. d3 h6 5. c3 d6 6. O-O g5 7. Re1 Bg7 8. Bb3 O-O 9. h3 Nh7 10. Nh2 Kh8 11. Nd2 f5 12. exf5 Bxf5 13. Ndf1 Nf6 14. Ng3 Bg6 15. d4 exd4 16. cxd4 d5 17. Be3 Qd6 18. Nhf1 Rae8 19. Qd2 Qb4 20. Qxb4 Nxb4 21. Re2 c6 22. Rd1 Kh7 23. Red2 Na6 24. a3 Nc7 25. f3 Nb5 26. Bc2 Bxc2 27. Rxc2 Kg6 28. Bf2 Nd6 29. b3 Re6 30. Rdd2 Nd7 31. a4 Rfe8 32. Re2 h5 33. Rxe6+ Rxe6 34. Re2 Nf8 35. Rd2 Re8 36. Ne3 Ne6 37. Ne2 Nf4 38. Nxf4+ gxf4 39. Nd1 Nf5 40. Nc3 h4 41. Ne2 Kg5 42. Kf1 Bf8 43. Rd3 Bb4 44. Nc1 Ng3+ 45. Bxg3 fxg3 46. Ne2 a5 47. Rd1 Re3 48. Nc1 Kf5 49. Nd3 Bd6 50. Rd2 b6 51. Rd1 Bb4 52. Nc1 Rc3 53. Ke2 Rc2+ 54. Kf1 Rf2+ 55. Kg1 Rb2 56. Kf1 Bc3 57. Rd3 Rf2+ 58. Kg1 Rc2 59. Rd1 Bxd4+ 0-1

[Event "XX Gran Hotel Bali-A 2023"]
[Site "Benidorm"]
[Date "2023.12.04"]
[Round "5.3"]
[White "Munoz Avila, Jose Luis"]
[Black "Moskalenko, Viktor"]
[Result "0-1"]
[ECO "A42"]
[WhiteElo "2238"]
[BlackElo "2427"]
[Annotator "RC"]
[PlyCount "60"]
[EventDate "2023.12.02"]
[EventType "swiss"]
[EventCountry "ESP"]
[SourceTitle "playchess.com"]
[Source "ChessBase"]
[SourceQuality "1"]
[TimeControl "5400+30"]

1. d4 d6 2. Nf3 g6 3. c4 Bg7 4. Nc3 Nd7 5. g3 e5 6. Bg2 Ne7 7. O-O O-O 8. d5 h6 9. e4 f5 10. Ne1 Nf6 11. Nd3 g5 12. f3 f4 13. Bd2 h5 14. Rc1 Ng6 15. Rf2 Bh6 16. Ne2 Rf7 17. c5 Rg7 18. Kh1 Kh7 19. Qf1 Bd7 20. gxf4 gxf4 21. Bh3 Ng4 22. fxg4 hxg4 23. Bg2 Qh4 24. Qg1 g3 25. Rf3 Bg4 26. Rcf1 Rag8 27. Be1 Qh5 28. Nxg3 fxg3 29. Rxg3 Nf4 30. Qf2 Nxg2 0-1

[Event "XX Gran Hotel Bali-A 2023"]
[Site "Benidorm"]
[Date "2023.12.04"]
[Round "5.4"]
[White "Torres Sanchez, Jose"]
[Black "Decuigniere, Tom"]
[Result "1-0"]
[ECO "D02"]
[WhiteElo "2196"]
[BlackElo "2408"]
[Annotator "RC"]
[PlyCount "95"]
[EventDate "2023.12.02"]
[EventType "swiss"]
[EventCountry "ESP"]
[SourceTitle "playchess.com"]
[Source "ChessBase"]
[SourceQuality "1"]
[TimeControl "5400+30"]

1. d4 Nf6 2. g3 e6 3. Bg2 d5 4. Nf3 Bd6 5. c4 O-O 6. Nc3 h6 7. O-O Nc6 8. Qd3 dxc4 9. Qxc4 e5 10. d5 Ne7 11. a4 c6 12. e4 cxd5 13. exd5 Bf5 14. Re1 Ng6 15. a5 Rc8 16. Qb3 Nd7 17. Be3 Nc5 18. Bxc5 Rxc5 19. Nd2 Rxa5 20. Qxb7 Rxa1 21. Rxa1 Bc5 22. Nde4 Bd4 23. Nb5 Qb8 24. Qa6 Bxb2 25. Ra2 Bd4 26. h3 Bc8 27. Qa5 Bb6 28. Qa3 a6 29. Nbd6 f5 30. Nxc8 Rxc8 31. Qxa6 fxe4 32. Bxe4 Nf8 33. Rb2 Nd7 34. Bf5 Qc7 35. Be6+ Kh8 36. Bxd7 Qxd7 37. Rxb6 Qxh3 38. Rc6 Rb8 39. Rc1 e4 40. Qa7 Rd8 41. Qd4 Re8 42. Rc7 Qg4 43. d6 Rb8 44. Rc1 Qd7 45. Kh2 Rf8 46. Rc7 Qg4 47. Re7 e3 48. Qxg4 1-0

[Event "XX Gran Hotel Bali-A 2023"]
[Site "Benidorm"]
[Date "2023.12.04"]
[Round "5.5"]
[White "Vignesh B"]
[Black "Davtyan, David Arm."]
[Result "1/2-1/2"]
[ECO "D12"]
[WhiteElo "2140"]
[BlackElo "2362"]
[Annotator "RC"]
[PlyCount "92"]
[EventDate "2023.12.02"]
[EventType "swiss"]
[EventCountry "ESP"]
[SourceTitle "playchess.com"]
[Source "ChessBase"]
[SourceQuality "1"]
[TimeControl "5400+30"]

1. Nf3 d5 2. b3 Nf6 3. Bb2 Bf5 4. e3 e6 5. Be2 Nbd7 6. O-O Bd6 7. c4 h6 8. Nc3 c6 9. d4 O-O 10. Bd3 Bxd3 11. Qxd3 Bb4 12. Nd2 a5 13. a3 Bxc3 14. Bxc3 a4 15. bxa4 Rxa4 16. Bb4 Re8 17. e4 dxe4 18. Nxe4 Nxe4 19. Qxe4 Nf6 20. Qc2 b5 21. Rfd1 Qa8 22. Rac1 Rb8 23. h3 bxc4 24. Qxc4 Nd5 25. Qxc6 Qxc6 26. Rxc6 Nxb4 27. axb4 Raxb4 28. Rc2 Rb1 29. Rxb1 Rxb1+ 30. Kh2 Rd1 31. Rc4 g5 32. g4 Rd3 33. Ra4 Kg7 34. Kg2 Kg6 35. Rb4 h5 36. Ra4 h4 37. Rb4 f5 38. gxf5+ Kxf5 39. Rb5+ Kf6 40. Rb4 Ra3 41. Rc4 Kf5 42. Rc5+ Kf4 43. Re5 Ra6 44. Re3 Rd6 45. Rf3+ Ke4 46. Rf6 Rxd4 1/2-1/2

[Event "XX Gran Hotel Bali-A 2023"]
[Site "Benidorm"]
[Date "2023.12.04"]
[Round "5.6"]
[White "Campora, Daniel H."]
[Black "Ereza Vizcarra, Fernando"]
[Result "1-0"]
[ECO "B45"]
[WhiteElo "2341"]
[BlackElo "2116"]
[Annotator "RC"]
[PlyCount "49"]
[EventDate "2023.12.02"]
[EventType "swiss"]
[EventCountry "ESP"]
[SourceTitle "playchess.com"]
[Source "ChessBase"]
[SourceQuality "1"]
[TimeControl "5400+30"]

1. e4 c5 2. Nf3 e6 3. Nc3 Nc6 4. d4 cxd4 5. Nxd4 Nf6 6. g3 e5 7. Ndb5 d6 8. Bg5 a6 9. Bxf6 gxf6 10. Na3 Be6 11. Nc4 Rb8 12. Nd5 f5 13. exf5 Bxf5 14. Bg2 Be6 15. O-O Bg7 16. Qh5 Ne7 17. Rad1 b5 18. Nxd6+ Kf8 19. Nxe7 Qxe7 20. Nf5 Qf6 21. Be4 Qg6 22. Qf3 h5 23. Qa3+ b4 24. Qxb4+ Rxb4 25. Rd8# 1-0

[Event "XX Gran Hotel Bali-A 2023"]
[Site "Benidorm"]
[Date "2023.12.04"]
[Round "5.7"]
[White "Ibanez Aullana, Ramon"]
[Black "Solodovnichenko, Yuri"]
[Result "1/2-1/2"]
[ECO "D02"]
[WhiteElo "2207"]
[BlackElo "2490"]
[Annotator "RC"]
[PlyCount "77"]
[EventDate "2023.12.02"]
[EventType "swiss"]
[EventCountry "ESP"]
[SourceTitle "playchess.com"]
[Source "ChessBase"]
[SourceQuality "1"]
[TimeControl "5400+30"]

1. d4 d5 2. Nf3 c6 3. c3 Bg4 4. Qb3 Qb6 5. Bf4 Nd7 6. Nbd2 e6 7. e3 h6 8. h3 Bh5 9. Bd3 Ne7 10. Bd6 Bg6 11. Bxg6 Nxg6 12. Bg3 Qa6 13. c4 Nb6 14. Rc1 Be7 15. O-O O-O 16. Ne1 Qa5 17. Rc2 dxc4 18. Nxc4 Nxc4 19. Rxc4 Qb6 20. Qc2 Rfd8 21. Nd3 Rd5 22. Rb1 Rad8 23. b4 Bf6 24. Rc5 Be7 25. Rc3 Bf6 26. b5 Rxb5 27. Rxb5 Qxb5 28. Rb3 Qf5 29. Rxb7 e5 30. Nb4 Qxc2 31. Nxc2 exd4 32. exd4 a5 33. Ra7 Bxd4 34. Nxd4 Rxd4 35. Rxa5 Nf4 36. Rc5 Ne2+ 37. Kh2 Nxg3 38. Kxg3 Ra4 39. Rxc6 1/2-1/2

[Event "XX Gran Hotel Bali-A 2023"]
[Site "Benidorm"]
[Date "2023.12.04"]
[Round "5.8"]
[White "Domingo Nunez, Ruben"]
[Black "De La Puerta Cresis, Javier"]
[Result "1-0"]
[ECO "A34"]
[WhiteElo "2429"]
[BlackElo "2181"]
[Annotator "RC"]
[PlyCount "39"]
[EventDate "2023.12.02"]
[EventType "swiss"]
[EventCountry "ESP"]
[SourceTitle "playchess.com"]
[Source "ChessBase"]
[SourceQuality "1"]
[TimeControl "5400+30"]

1. Nf3 c5 2. c4 Nf6 3. Nc3 d5 4. cxd5 Nxd5 5. g3 Nc6 6. Bg2 Nc7 7. a3 Bd7 8. d4 cxd4 9. Nxd4 e5 10. Nxc6 Bxc6 11. Bxc6+ bxc6 12. Qa4 Qd7 13. O-O Be7 14. Rd1 Qe6 15. Qa5 Bd8 16. Qb4 Na6 17. Qb7 Qc8 18. Rxd8+ Kxd8 19. Bg5+ f6 20. Qxg7 1-0

[Event "XX Gran Hotel Bali-A 2023"]
[Site "Benidorm"]
[Date "2023.12.04"]
[Round "5.9"]
[White "Ilinca, Felix-Antonio"]
[Black "Voiteanu, Gabriel"]
[Result "1-0"]
[ECO "D12"]
[WhiteElo "2395"]
[BlackElo "2198"]
[Annotator "RC"]
[PlyCount "111"]
[EventDate "2023.12.02"]
[EventType "swiss"]
[EventCountry "ESP"]
[SourceTitle "playchess.com"]
[Source "ChessBase"]
[SourceQuality "1"]
[TimeControl "5400+30"]

1. d4 d5 2. c4 c6 3. Nc3 Nf6 4. e3 Bf5 5. Nf3 e6 6. Nh4 Be4 7. f3 Bg6 8. Qb3 Qb6 9. Nxg6 hxg6 10. Bd2 Bd6 11. c5 Qxb3 12. axb3 Rxh2 13. Rxh2 Bxh2 14. Kf2 Bc7 15. b4 b5 16. cxb6 Bxb6 17. Na4 Bc7 18. Bd3 Nfd7 19. b3 Bd6 20. Nc5 Be7 21. g4 e5 22. Bc3 Bf6 23. g5 Bxg5 24. dxe5 Nxc5 25. bxc5 Nd7 26. b4 Kd8 27. f4 Be7 28. e4 dxe4 29. Bxe4 Kc7 30. Ra6 Nb8 31. Ra5 Kb7 32. Bd4 a6 33. Kf3 Nd7 34. Ra2 Rd8 35. Ke3 Nf8 36. Bd3 Ra8 37. Ra5 Ne6 38. Bb2 Nc7 39. Bc4 f6 40. Bf7 g5 41. fxg5 fxe5 42. g6 Bf6 43. Ra1 Rh8 44. Rf1 Rh3+ 45. Ke4 Rh4+ 46. Kf5 Rh2 47. Bc1 Rh5+ 48. Kg4 Rh2 49. Kg3 Rc2 50. Bh6 Rc3+ 51. Kg4 Nd5 52. Bxd5 cxd5 53. Rxf6 gxf6 54. g7 f5+ 55. Kxf5 Rf3+ 56. Kg6 1-0

[Event "XX Gran Hotel Bali-A 2023"]
[Site "Benidorm"]
[Date "2023.12.04"]
[Round "5.10"]
[White "Trigo Urquijo, Sergio"]
[Black "Sijpkens, Michiel"]
[Result "1-0"]
[ECO "D36"]
[WhiteElo "2400"]
[BlackElo "2165"]
[Annotator "RC"]
[PlyCount "63"]
[EventDate "2023.12.02"]
[EventType "swiss"]
[EventCountry "ESP"]
[SourceTitle "playchess.com"]
[Source "ChessBase"]
[SourceQuality "1"]
[TimeControl "5400+30"]

1. d4 d5 2. c4 e6 3. Nc3 Nf6 4. Bg5 Be7 5. e3 O-O 6. Nf3 Nbd7 7. Rc1 c6 8. cxd5 exd5 9. Bd3 Re8 10. Qc2 Nf8 11. O-O Ng6 12. h3 Bd6 13. Ne2 h6 14. Bxg6 hxg5 15. Bf5 Ne4 16. Bxc8 Rxc8 17. Nd2 g4 18. hxg4 Qh4 19. f4 Qxg4 20. Nxe4 Rxe4 21. Rf3 Rce8 22. Qd3 Be7 23. Rg3 Qe6 24. Rh3 Bf6 25. Kf2 Qe7 26. Rch1 g6 27. Nc3 Re6 28. f5 gxf5 29. Qxf5 Qd6 30. Rf3 Qb4 31. Rh6 Rxe3 32. Qxf6 1-0

[Event "XX Gran Hotel Bali-A 2023"]
[Site "Benidorm"]
[Date "2023.12.04"]
[Round "5.11"]
[White "Goluch, Piotr"]
[Black "Kovacs, Zoltan"]
[Result "1-0"]
[ECO "E11"]
[WhiteElo "2309"]
[BlackElo "2146"]
[Annotator "RC"]
[PlyCount "91"]
[EventDate "2023.12.02"]
[EventType "swiss"]
[EventCountry "ESP"]
[SourceTitle "playchess.com"]
[Source "ChessBase"]
[SourceQuality "1"]
[TimeControl "5400+30"]

1. d4 e6 2. c4 Nf6 3. g3 Bb4+ 4. Nd2 O-O 5. Ngf3 Re8 6. Bg2 Bf8 7. O-O d6 8. e4 e5 9. d5 Nbd7 10. Qc2 a5 11. b3 g6 12. Bb2 c6 13. Ne1 Qb6 14. a3 Bh6 15. Bc3 Bxd2 16. Bxd2 Nc5 17. Rb1 Ncxe4 18. Be3 Qd8 19. Rd1 cxd5 20. cxd5 Bf5 21. Bxe4 Bxe4 22. Qc4 Rc8 23. Qb5 Qd7 24. Qxa5 Ra8 25. Qb4 Nxd5 26. Qxe4 Nc3 27. Qd3 Nxd1 28. Qxd1 Rxa3 29. Bg5 Qe6 30. Nc2 Ra5 31. b4 Rd5 32. Qe2 e4 33. h4 Rd3 34. Ne1 Rc3 35. Qb5 d5 36. Qxb7 d4 37. Ng2 Qg4 38. Qd5 Rd3 39. Qc6 Rc8 40. Qb7 Re8 41. Qb5 Rc8 42. Nf4 Rd1 43. Nd5 Rxf1+ 44. Qxf1 Kg7 45. Qa1 e3 46. Bxe3 1-0

[Event "XX Gran Hotel Bali-A 2023"]
[Site "Benidorm"]
[Date "2023.12.04"]
[Round "5.12"]
[White "Donate Moreno, Silvia"]
[Black "Utsab Chatterjee"]
[Result "1/2-1/2"]
[ECO "C88"]
[WhiteElo "2156"]
[BlackElo "2302"]
[Annotator "RC"]
[PlyCount "54"]
[EventDate "2023.12.02"]
[EventType "swiss"]
[EventCountry "ESP"]
[SourceTitle "playchess.com"]
[Source "ChessBase"]
[SourceQuality "1"]
[TimeControl "5400+30"]

1. e4 e5 2. Nf3 Nc6 3. Bb5 a6 4. Ba4 Nf6 5. O-O Be7 6. Re1 b5 7. Bb3 O-O 8. h3 Bb7 9. c3 d5 10. d3 dxe4 11. dxe4 Qxd1 12. Bxd1 Bd6 13. Nbd2 Nd8 14. Bc2 Ne6 15. Nb3 Rab8 16. a4 h6 17. Nh2 c5 18. axb5 axb5 19. Ng4 Nxg4 20. hxg4 c4 21. Na5 Ba8 22. Be3 Bc5 23. b3 Bxe3 24. Rxe3 cxb3 25. Bxb3 Nc5 26. Bd5 Rfc8 27. Rb1 Na4 1/2-1/2

[Event "XX Gran Hotel Bali-A 2023"]
[Site "Benidorm"]
[Date "2023.12.04"]
[Round "5.13"]
[White "Azaryan, Tigran"]
[Black "Carrera Perez, Francisco"]
[Result "1-0"]
[ECO "C02"]
[WhiteElo "2115"]
[BlackElo "2237"]
[Annotator "ChessBase"]
[PlyCount "83"]
[EventDate "2023.12.02"]
[EventType "swiss"]
[EventCountry "ESP"]
[SourceTitle "playchess.com"]
[Source "ChessBase"]
[SourceQuality "1"]
[TimeControl "5400+30"]

1. e4 e6 2. d4 d5 3. e5 c5 4. c3 Nc6 5. Nf3 Nh6 6. Bxh6 gxh6 7. Bb5 Bg7 8. O-O O-O 9. Nbd2 cxd4 10. cxd4 Bd7 11. Bxc6 Bxc6 12. Qe2 Qb6 13. Rfb1 f6 14. exf6 Rxf6 15. Nf1 Raf8 16. Ng3 Bb5 17. Qe3 Rf4 18. Rd1 Be8 19. Rd2 Bg6 20. Ne5 Qd6 21. Re1 h5 22. f3 h4 23. Ne2 R4f5 24. f4 Bh5 25. g4 hxg3 26. Nxg3 Bh6 27. Nxf5 Rxf5 28. Rg2+ Kh8 29. Nd3 Bf7 30. Rc1 Bg6 31. Rc8+ Kg7 32. Qc1 Bxf4 33. Nxf4 Rxf4 34. Qc7+ Qxc7 35. Rxc7+ Kf6 36. Rf2 Kf5 37. Rxb7 Ke4 38. Rxf4+ Kxf4 39. Rxa7 Ke3 40. b4 Kxd4 41. b5 Kc5 42. a4 1-0

[Event "XX Gran Hotel Bali-A 2023"]
[Site "Benidorm"]
[Date "2023.12.04"]
[Round "5.14"]
[White "Madina Yadarola, Martin"]
[Black "Mingarro Carceller, Sergi"]
[Result "0-1"]
[ECO "B67"]
[WhiteElo "2093"]
[BlackElo "2253"]
[Annotator "RC"]
[PlyCount "58"]
[EventDate "2023.12.02"]
[EventType "swiss"]
[EventCountry "ESP"]
[SourceTitle "playchess.com"]
[Source "ChessBase"]
[SourceQuality "1"]
[TimeControl "5400+30"]

1. e4 c5 2. Nf3 Nc6 3. d4 cxd4 4. Nxd4 Nf6 5. Nc3 d6 6. Bg5 e6 7. Qd2 a6 8. O-O-O Bd7 9. f3 Nxd4 10. Qxd4 Be7 11. h4 Qc7 12. Kb1 b5 13. g4 b4 14. Ne2 O-O 15. Qd2 Rfc8 16. Nd4 a5 17. Bd3 a4 18. Be3 e5 19. Nf5 Bxf5 20. gxf5 d5 21. Bg5 dxe4 22. Bxe4 Nxe4 23. fxe4 b3 24. cxb3 axb3 25. Rc1 Qb7 26. Rxc8+ Rxc8 27. Qd3 Rd8 28. Qe2 Bxg5 29. hxg5 Rd2 0-1

[Event "XX Gran Hotel Bali-A 2023"]
[Site "Benidorm"]
[Date "2023.12.04"]
[Round "5.17"]
[White "Rodriguez Redondo, Adhara"]
[Black "Mitrabha, Guha"]
[Result "0-1"]
[ECO "B13"]
[WhiteElo "2123"]
[BlackElo "2516"]
[Annotator "RC"]
[PlyCount "80"]
[EventDate "2023.12.02"]
[EventType "swiss"]
[EventCountry "ESP"]
[SourceTitle "playchess.com"]
[Source "ChessBase"]
[SourceQuality "1"]
[TimeControl "5400+30"]

1. e4 c6 2. d4 d5 3. exd5 cxd5 4. Bd3 Nc6 5. c3 Nf6 6. Nf3 Bg4 7. Bf4 e6 8. Nbd2 Bd6 9. Bxd6 Qxd6 10. h3 Bh5 11. O-O O-O 12. Re1 Rab8 13. a4 Qc7 14. Qb1 Bxf3 15. Nxf3 g6 16. Qc1 Kg7 17. Ne5 Nxe5 18. dxe5 Nd7 19. Qf4 Nc5 20. Bf1 Qe7 21. c4 Rfd8 22. cxd5 Rxd5 23. Bc4 Rd7 24. b4 Na6 25. Bxa6 bxa6 26. Re4 Rdb7 27. Rb1 a5 28. b5 a6 29. Qd2 axb5 30. Qxa5 b4 31. Qa6 b3 32. Qd6 Qe8 33. Rb2 Qc8 34. Kh2 Qc3 35. Qa3 Ra8 36. g3 Ra5 37. Kg1 Rd5 38. Re3 Rd1+ 39. Kh2 Qc6 40. f3 Qc1 0-1

[Event "XX Gran Hotel Bali-A 2023"]
[Site "Benidorm"]
[Date "2023.12.04"]
[Round "5.18"]
[White "Cruz Lledo, Pablo"]
[Black "Aakash Sharadchandra, Dalvi"]
[Result "1/2-1/2"]
[ECO "D00"]
[WhiteElo "2368"]
[BlackElo "2114"]
[Annotator "RC"]
[PlyCount "52"]
[EventDate "2023.12.02"]
[EventType "swiss"]
[EventCountry "ESP"]
[SourceTitle "playchess.com"]
[Source "ChessBase"]
[SourceQuality "1"]
[TimeControl "5400+30"]

1. d4 Nf6 2. Bf4 d5 3. e3 c5 4. c3 Nc6 5. Nd2 Bf5 6. Be2 Qb6 7. Qb3 c4 8. Qxb6 axb6 9. a3 b5 10. Rc1 e6 11. f3 h5 12. Bd1 Be7 13. Ne2 h4 14. h3 Kd7 15. Bc2 Bxc2 16. Rxc2 Nh5 17. Bh2 f5 18. e4 g5 19. Nf1 f4 20. Nd2 Bd8 21. Kd1 Bb6 22. Re1 Rhe8 23. Bg1 Kc7 24. Nc1 Rad8 25. Na2 Nf6 26. e5 Nh5 1/2-1/2

[Event "XX Gran Hotel Bali-A 2023"]
[Site "Benidorm"]
[Date "2023.12.04"]
[Round "5.19"]
[White "Meszaros, Andras"]
[Black "Luque Saiz, Andres"]
[Result "1/2-1/2"]
[ECO "B10"]
[WhiteElo "2114"]
[BlackElo "2349"]
[Annotator "RC"]
[PlyCount "65"]
[EventDate "2023.12.02"]
[EventType "swiss"]
[EventCountry "ESP"]
[SourceTitle "playchess.com"]
[Source "ChessBase"]
[SourceQuality "1"]
[TimeControl "5400+30"]

1. e4 c6 2. Nf3 d5 3. exd5 cxd5 4. Ne5 Nc6 5. Bb5 Bd7 6. Bxc6 Bxc6 7. d4 Nf6 8. O-O e6 9. c3 Be7 10. Bg5 O-O 11. Nd2 Nd7 12. Bxe7 Qxe7 13. Re1 f6 14. Nxd7 Bxd7 15. f4 Qd6 16. Qg4 Rae8 17. Qg3 a5 18. Re3 Re7 19. Rae1 a4 20. f5 Qb6 21. fxe6 Rxe6 22. Rxe6 Bxe6 23. b3 axb3 24. Nxb3 Re8 25. h3 Qc6 26. Kh2 b6 27. Re3 Bf7 28. Rxe8+ Bxe8 29. Nd2 h6 30. Qd3 Qd6+ 31. Qg3 Qc6 32. Qd3 Qd6+ 33. Qg3 1/2-1/2